AoeStats
← HR nomadplayer

Pilgrims

509243424Analyzed
4v4 RM · 5d ago on Sep 26, 2026· 14m 49s· 8 players
Game mode
Random Map
Map size
Large (8 player)
Population
200
Speed
Normal
Resources
Standard
Victory
Conquest
Starting age
Dark Age
Ending age
Imperial Age
RankedLock teamsTeams togetherTeam positionsShared explorationLock speedFull tech treeHidden civsTurbo modeCheats
Victory
Defeat
🇹🇷 Vikings · Türkiye
1746
+15
🇺🇸 Bengalis · United States
1684
+18
🇧🇷 Berbers · Brazil
1678
+18
🇺🇸 Varangians · United States
1625
+20
🇨🇱 Italians · Chile
1868
-23
🇨🇱 Mongols · Chile
1751
-19
🇨🇱 Khitans · Chile
1695
-17
🇨🇱 Persians · Chile
1572
-12
Mo_Tastic
8:32 Feudal Age
8:34 Loom
9:48 Double-Bit Axe
10:06 Loom
13:19 Fletching
heybrowazzup
8:56 Loom
10:53 Feudal Age
11:30 Double-Bit Axe
AquaGeto
6:52 Loom
13:29 Feudal Age
13:51 Fishing Lines
14:10 Double-Bit Axe
Fs.churacoRS
9:40 Feudal Age
9:12 Loom
13:20 Castle Age
11:28 Stone Mining
11:54 Double-Bit Axe
13:45 Fletching
[CL]CHiNO
11:13 Loom
13:13 Feudal Age
17:18 Castle Age
[CL] el castigador
3:10 Loom
11:02 Feudal Age
12:04 Town Watch
15:31 Castle Age
13:39 Fletching
13:36 Double-Bit Axe
HR nomadplayer
10:07 Feudal Age
11:44 Fishing Lines
14:07 Castle Age
12:31 Double-Bit Axe
14:25 Forging
14:58 Medium Warships
14:58 Gold Mining
15:26 Bow Saw
[CL]Jupy
3:34 Loom
11:30 Feudal Age
13:44 Double-Bit Axe
Connection lost

Rejoining the realm…

Still unreachable

The connection could not be restored.

Session expired

The server has moved on; the page needs a fresh start.